 Dungeon Crawl Stone Soup version 0.19.5 (webtiles) character file.

240 Monsterracer the Conjurer (level 5, -3/31 HPs)
             Began as a High Elf Conjurer on Aug 19, 2017.
             Slain by epen's ghost (14 damage)
             ... in a sewer.
             The game lasted 00:06:30 (2953 turns).

Monsterracer the Conjurer (High Elf Conjurer)       Turns: 2953, Time: 00:06:30

Health: -3/31      AC:  2    Str:  7    XL:     5   Next: 80%
Magic:  11/11      EV: 13    Int: 20    God:
Gold:   123        SH:  0    Dex: 15    Spells: 3 memorised, 3 levels left

rFire  . . .     SeeInvis .     e - +2 dagger (flame)
rCold  . . .     Gourm    .     a - +0 robe
rNeg   . . .     Faith    .     (no shield)
rPois  .         Spirit   .     (no helmet)
rElec  .         Reflect  .     (no cloak)
rCorr  .         Harm     .     (no gloves)
MR     .....                    (no boots)
Stlth  ++........               (no amulet)
                                (no ring)
                                (no ring)

@: no status effects
A: no striking features
a: no special abilities


You were in a sewer.
You were not hungry.

You visited 1 branch of the dungeon, and saw 3 of its levels.
You also visited: Sewer.

You collected 123 gold pieces.

Inventory:

Hand Weapons
 e - a +2 dagger of flaming (weapon)
Armour
 a - a +0 robe (worn)
Scrolls
 d - 5 scrolls of identify {unknown}
 h - 2 scrolls of remove curse {unknown}
 i - a scroll of enchant armour {unknown}
 l - 3 scrolls of teleportation {unknown}
 o - a scroll of fog {unknown}
Potions
 g - a potion of magic
 k - a potion of curing {unknown}
 m - a potion of degeneration {unknown}
 n - a potion of berserk rage {unknown}
 p - a potion of heal wounds {unknown}
 q - a potion of mutation {unknown}
Books
 b - a book of Conjurations

   Spells                             Type                      Level
   a - Magic Dart                     Conjuration                  1
   b - Searing Ray                    Conjuration                  2
   c - Dazzling Spray                 Conjuration/Hexes            3
   d - Fulminant Prism                Conjuration/Hexes            4
   e - Iskenderun's Mystic Blast      Conjuration                  4
   f - Iskenderun's Battlesphere      Conjuration/Charms           5
Comestibles
 c - 3 bread rations
 f - 8 chunks of flesh
 j - a slice of pizza
 r - 3 meat rations


   Skills:
 - Level 2.1 Dodging
 - Level 2.1 Stealth
 + Level 3.9 Spellcasting
 * Level 6.7 Conjurations
 * Level 2.2 Charms


You had 3 spell levels left.
You knew the following spells:

 Your Spells              Type           Power        Failure   Level  Hunger
a - Magic Dart            Conj           ####         1%          1    None
b - Searing Ray           Conj           ####..       1%          2    ##.....
d - Iskenderun's Battles  Conj/Chrm      ###.....     71%         5    ######.


Dungeon Overview and Level Annotations

Branches:
Dungeon (3/15)

Altars:

Annotations:
Sewer epen's ghost, amateur FeAK


Message History

An adder comes into view.
The adder hisses angrily.
Epen's ghost hits you!
Huge Dmg: -38%(-12hp) hp: 62%(19hp) Unknown command.
Press: ? - help, v - describe, . - travel
Here: epen's ghost The floor.
Unknown command.
The adder misses you.
Some of the chunks of flesh in your inventory have rotted away.
Epen's ghost misses you. The adder misses you. Epen's ghost hits you.
* * * LOW HITPOINT WARNING * * *
Huge Dmg: -16%(-5hp) hp: 46%(14hp) It was a potion of magic.
Magic courses through your body. The adder bites you.
* * * LOW HITPOINT WARNING * * *
Epen's ghost hits you!
You die...

≈≈≈≈≈≈.≈.....#
≈≈≈≈≈≈......#
≈≈≈≈≈......#
≈≈≈.≈....†##
≈≈≈≈≈.....#
≈≈≈......##
≈≈.......####
≈≈....WS###∩#
≈≈≈....@###.#
≈≈≈......#..#
≈≈≈........##
≈≈≈.......##
≈≈.≈.....##
≈≈≈≈≈....#
≈≈≈≈≈.....
≈≈≈≈≈.....#
≈≈≈≈≈...#..


You could see epen's ghost and an adder.

Vanquished Creatures
  The ghost of tidbits the Firebug, a weakling HEWn (D:3)
  Terence (D:2)
  4 gnolls (D:2)
  3 adders
  A river rat (Sewer)
  2 oozes (D:3)
  A worm (D:2)
  A leopard gecko (D:1)
  3 giant cockroaches
  7 goblins
  5 hobgoblins
  14 jackals
  A quokka (D:2)
  4 ball pythons
  7 bats (D:1)
  7 frilled lizards
  13 kobolds
  18 rats
93 creatures vanquished.

Notes
Turn   | Place    | Note
-------+----------+-------------------------------------------
     0 | D:1      | Monsterracer the High Elf Conjurer began the quest for the Orb.
     0 | D:1      | Reached XP level 1. HP: 11/11 MP: 4/4
   194 | D:1      | Reached XP level 2. HP: 17/17 MP: 3/6
   226 | D:1      | Reached skill level 5 in Conjurations
   315 | D:1      | HP: 7/17 [jackal (3)]
   344 | D:1      | Learned a level 2 spell: Searing Ray
   773 | D:1      | Reached XP level 3. HP: 19/21 MP: 7/7
  1719 | D:2      | Noticed Terence
  1725 | D:2      | Killed Terence
  1725 | D:2      | Reached skill level 6 in Conjurations
  1725 | D:2      | Reached XP level 4. HP: 27/27 MP: 4/9
  2072 | D:2      | HP: 12/27 [hobgoblin/club (4)]
  2073 | D:2      | Reached XP level 5. HP: 13/31 MP: 8/11
  2104 | D:2      | Learned a level 5 spell: Iskenderun's Battlesphere
  2421 | D:3      | Reached skill level 1 in Charms
  2656 | D:3      | Found a faded altar of an unknown god.
  2660 | D:3      | Noticed tidbits's ghost (weakling HEWn)
  2689 | D:3      | Killed tidbits's ghost
  2718 | D:3      | Found a glowing drain.
  2811 | Sewer    | Entered a sewer
  2934 | Sewer    | Noticed epen's ghost (amateur FeAK)
  2952 | Sewer    | HP: 14/31 [epen's ghost (5)]
  2953 | Sewer    | Slain by epen's ghost

Skill      XL: |  1  2  3  4  5 |
---------------+----------------+-----
Conjurations   | 5 6 |  6.7
Spellcasting   | 3 |  3.9
Charms         | 2 |  2.2
Dodging        | |  2.1
Stealth        | |  2.1

Action                   |  1- 3 |  4- 6 || total
-------------------------+-------+-------++-------
Melee: Dagger            |    60 |    37 ||    97
       Unarmed           |    18 |       ||    18
       Short sword       |    14 |       ||    14
 Cast: Magic Dart        |    50 |     6 ||    56
       Searing Ray       |     3 |    12 ||    15
  Use: Potion            |       |     1 ||     1
 Stab: Sleeping          |     3 |     3 ||     6
  Eat: Chunk             |     3 |     4 ||     7
Armor: Robe              |    28 |     5 ||    33
Dodge: Dodged            |    80 |    31 ||   111
